Map: Acropolis LE

Players

GOStephano (Stephano)

  • Race: Zerg Zerg
  • League: Grandmaster
  • Spawn Location: 11:00

soO - Winner!

  • Race: Zerg Zerg
  • Spawn Location: 5:00

Event: HomeStory Cup XIX

VOD

Have the link to the VOD?

Description

Time

  • Played on: June 28, 2019, 3:24 p.m.
  • Length: 16:39

All games in this series

Show
View Real Time Build Order
Export as new Build Order

GOStephano Zerg 

Build Orders: Hatch First 

Get SALT Encoding   

  12  0:00  Drone  
  13  0:12  Overlord  
  13  0:16  Drone  
  14  0:30  Drone x2  
  16  0:47  Hatchery  
  15  0:50  Drone  
  15  0:53  Drone  
  17  0:57  Drone  
  18  1:07  Extractor  
  17  1:12  Spawning Pool  
  17  1:15  Drone  
  17  1:19  Drone  
  18  1:27  Drone  
  19  1:38  Drone  
  20  1:49  Drone  
  21  1:59  Queen x2  
  21  2:00  Zergling x2, Overlord  
  26  2:10  Drone x2  
  26  2:11  Metabolic Boost  
  28  2:21  Drone x2  
  30  2:30  Hatchery  
  29  2:37  Queen  
  29  2:42  Overlord  
  31  2:47  Drone x2  
  33  2:54  Drone, Baneling Nest  
  33  2:56  Drone  
  34  2:59  Drone  
  34  3:03  Drone  
  36  3:06  Drone  
  36  3:07  Drone  
  36  3:12  Drone, Overlord  
  39  3:17  Zergling x4  
  41  3:21  Drone  
  42  3:27  Overlord  
  42  3:32  Drone x2  
  44  3:37  Zergling x2  
  45  3:41  Baneling  
  45  3:42  Baneling  
  45  3:43  Drone x5  
  50  3:49  Evolution Chamber  
  50  3:50  Drone x3  
  50  3:53  Drone  
  50  3:55  Extractor  
  52  3:56  Lair, Extractor  
  52  4:00  Drone x2  
  53  4:03  Drone  
  53  4:08  Roach Warren  
  54  4:10  Zergling x4  
  55  4:18  Zergling x6  
  58  4:26  Overlord  
  58  4:29  Drone  
  58  4:30  Drone  
  59  4:32  Overlord  
  59  4:34  Zerg Missile Weapons Level 1, Overlord  
  58  4:45  Queen x2  
  56  4:46  Drone x6  
  64  4:53  Glial Reconstitution  
  64  4:55  Overlord  
  64  4:59  Overlord  
  64  5:02  Overlord  
  64  5:05  Drone x2  
  64  5:06  Drone x3  
  69  5:11  Drone x3  
  72  5:23  Extractor x2, Overlord  
  70  5:28  Overlord  
  70  5:29  Overlord  
  70  5:30  Overlord  
  70  5:33  Overlord  
  70  5:38  Overlord x2  
  70  5:45  Roach x7  
  70  5:49  Roach  
  87  5:50  Roach  
  87  5:56  Hatchery, Roach  
  87  5:57  Roach  
  90  5:59  Roach  
  90  6:02  Roach  
  94  6:04  Roach x2  
  97  6:11  Roach x3  
  97  6:15  Roach x2  
  97  6:17  Baneling x4  
  97  6:18  Baneling  
  107  6:21  Roach  
  110  6:26  Roach x6  
  122  6:34  Roach x4  
  122  6:37  Zerg Missile Weapons Level 2  
  130  6:40  Ravager x2  
  130  6:45  Roach x3  
  138  6:52  Roach x4  
  138  6:56  Roach  
  127  7:02  Roach x4  
  127  7:07  Roach x2  
  132  7:08  Roach  
  132  7:11  Roach  
  132  7:13  Ravager  
  137  7:18  Roach  
  137  7:19  Roach x2  
  137  7:21  Roach x2  
  145  7:27  Roach x3  
  145  7:29  Roach  
  147  7:32  Roach  
  147  7:33  Roach  
  147  7:36  Roach  
  149  7:41  Roach x3  
  155  7:49  Roach x4  
  144  7:55  Roach x3  
  130  7:59  Roach x2  
  114  8:06  Drone x4  
  114  8:11  Tunneling Claws  
  116  8:14  Queen, Burrow  
  116  8:18  Roach x3  
  122  8:21  Roach x2  
  122  8:24  Roach  
  122  8:27  Roach  
  128  8:29  Roach x2  
  128  8:31  Roach  
  128  8:33  Roach  
  136  8:35  Roach  
  136  8:40  Roach x2  
  142  8:43  Spore Crawler  
  144  8:55  Roach x4  
  139  9:08  Roach x2  
  137  9:12  Roach  
  137  9:13  Roach  
  139  9:20  Roach x4  
  139  9:23  Roach x23  
  135  9:32  Roach x10  
  135  9:33  Roach  
  135  9:34  Roach x4  
  135  9:37  Roach x4  
  143  9:38  Roach x2  
  143  9:39  Roach x4  
  143  9:40  Roach x2  
  143  9:51  Roach x3  
  145  9:55  Roach x16  
  145  9:58  Roach  
  145  9:59  Roach x3  
  143  10:01  Queen  
  143  10:04  Queen  
  141  10:08  Roach x2  
  133  10:17  Roach x5  
  141  10:30  Spore Crawler  
  140  10:35  Spore Crawler  
  140  10:36  Hatchery  
  137  10:44  Roach x10  
  137  10:46  Roach x15  
  137  10:47  Roach x6  
  146  10:56  Overlord x2  
  145  11:00  Roach x3  
  145  11:02  Overlord  
  144  11:05  Overlord  
  144  11:14  Roach x2  
  144  11:15  Roach x26  
  144  11:17  Roach  
  144  11:18  Roach x2  
  148  11:23  Overlord  
  146  11:33  Roach x5  
  146  11:38  Roach x2  
  152  11:42  Overlord  
  152  11:44  Roach x2  
  152  11:46  Drone x3  
  153  11:54  Roach x3  
  153  11:59  Overlord  
  153  12:00  Pneumatized Carapace  
  157  12:07  Overlord  
  155  12:11  Hydralisk Den  
  155  12:12  Ravager x5  
  155  12:13  Drone  
  160  12:16  Spore Crawler  
  159  12:23  Drone x4  
  159  12:29  Drone x4  
  167  12:48  Hydralisk x4, Zerg Ground Armor Level 1  
  175  12:54  Drone  
  175  12:55  Drone x4  
  175  12:57  Roach x10  
  180  13:05  Hydralisk  
  180  13:06  Hydralisk x2  
  180  13:07  Overlord  
  180  13:08  Roach x10  
  186  13:17  Overlord  
  186  13:24  Extractor  
  186  13:25  Extractor  
  184  13:28  Ravager x5  
  184  13:29  Roach  
  184  13:30  Roach x3  
  184  13:31  Roach x7  
  191  13:34  Roach  
  191  13:37  Roach x2  
  191  13:38  Roach  
  191  13:40  Overlord  
  191  13:42  Hydralisk, Overlord  
  191  13:43  Hydralisk x3  
  197  13:53  Roach x6  
  193  13:56  Overlord  
  193  13:58  Overlord  
  177  14:05  Roach  
  177  14:06  Roach x6  
  177  14:09  Roach  
  154  14:15  Roach x4  
  155  14:18  Roach x6  
  155  14:19  Roach  
  155  14:20  Roach  
  155  14:23  Roach x2  
  155  14:28  Roach x2  
  157  14:31  Roach x2  
  157  14:34  Roach  
  157  14:35  Roach x7  
  145  14:39  Roach x3  
  145  14:43  Roach x2  
  138  14:47  Roach x2  
  142  14:54  Roach  
  142  14:55  Roach x3  
  148  15:00  Roach x3  
  148  15:04  Roach x5  
  148  15:05  Roach  
  148  15:06  Roach  
  148  15:07  Roach x2  
  160  15:10  Roach x2  
  160  15:12  Roach  
  152  15:15  Roach  
  152  15:16  Roach  
  152  15:21  Roach x20  
  152  15:23  Roach  
  146  15:29  Roach  
  146  15:32  Roach x3  
  147  15:38  Roach x5  
  135  15:46  Roach x3  
  119  15:50  Roach x2  
  119  15:55  Roach x2  
  125  15:57  Roach x2  
  125  15:58  Roach  
  125  16:00  Roach x5  
  125  16:01  Roach x7  
  125  16:02  Roach x2  
  125  16:03  Roach x4  
  125  16:04  Roach x5  
  122  16:05  Roach  
  122  16:07  Roach x5  
  122  16:10  Hydralisk, Roach x2  
  124  16:14  Roach x4  
  124  16:15  Roach x5  
Show
View Real Time Build Order
Export as new Build Order

soO Zerg - Winner!

Build Orders: Hatch First 

Get SALT Encoding   

  12  0:00  Drone  
  13  0:12  Overlord  
  13  0:16  Drone  
  14  0:30  Drone x2  
  16  0:47  Hatchery  
  15  0:50  Drone  
  15  0:54  Drone  
  17  0:57  Drone  
  18  1:07  Extractor  
  17  1:12  Spawning Pool  
  17  1:15  Drone  
  17  1:19  Drone  
  18  1:27  Drone  
  19  1:38  Drone  
  20  1:49  Overlord  
  20  1:59  Drone, Queen x2  
  20  2:00  Drone  
  26  2:08  Metabolic Boost  
  26  2:10  Drone  
  26  2:12  Drone  
  28  2:22  Zergling x2  
  29  2:31  Hatchery  
  29  2:33  Drone  
  29  2:35  Drone  
  30  2:39  Drone  
  31  2:44  Baneling Nest  
  31  2:47  Drone x2  
  32  2:53  Overlord  
  32  2:55  Zergling x2  
  33  3:04  Drone x2  
  35  3:07  Drone  
  35  3:11  Queen  
  38  3:13  Drone x2  
  38  3:14  Drone  
  38  3:18  Overlord  
  41  3:24  Overlord  
  41  3:27  Drone  
  41  3:28  Drone x2  
  43  3:39  Zergling x4  
  43  3:40  Baneling x2  
  43  3:41  Zergling x8  
  47  3:46  Zergling x2  
  50  3:50  Zergling x2  
  50  3:53  Drone  
  50  3:54  Drone x2  
  54  3:59  Drone  
  54  4:00  Evolution Chamber  
  54  4:03  Baneling x2  
  54  4:05  Drone  
  54  4:08  Drone  
  54  4:09  Drone  
  57  4:14  Drone x2  
  57  4:15  Drone x3  
  62  4:21  Drone  
  62  4:22  Extractor  
  62  4:23  Extractor  
  61  4:24  Drone x2  
  61  4:25  Drone, Roach Warren  
  61  4:27  Drone  
  61  4:28  Zerg Missile Weapons Level 1  
  64  4:32  Drone x2  
  65  4:43  Zergling x2  
  64  4:46  Overlord  
  64  4:49  Lair, Overlord  
  64  4:51  Drone x2  
  64  4:54  Drone  
  65  5:01  Overlord  
  65  5:02  Extractor x2  
  65  5:03  Drone  
  65  5:05  Drone  
  65  5:06  Drone x3  
  65  5:07  Drone x3  
  71  5:10  Drone x3  
  74  5:14  Drone  
  74  5:19  Drone  
  76  5:23  Roach  
  76  5:24  Roach  
  76  5:27  Roach  
  82  5:30  Extractor  
  82  5:33  Drone, Roach x2  
  82  5:34  Drone  
  86  5:36  Roach  
  86  5:37  Overlord  
  86  5:40  Hatchery, Overlord  
  86  5:42  Roach  
  87  5:48  Glial Reconstitution  
  87  5:49  Roach  
  89  5:51  Drone  
  89  5:54  Spire  
  89  5:55  Overlord  
  91  5:57  Roach x2  
  91  5:58  Overseer  
  91  6:00  Ravager  
  91  6:01  Overlord  
  93  6:05  Roach x2  
  95  6:12  Overlord  
  95  6:15  Queen  
  97  6:21  Drone, Overlord  
  97  6:25  Roach x8  
  114  6:31  Roach x3  
  120  6:34  Roach x5  
  120  6:36  Overlord  
  130  6:42  Roach x2  
  130  6:43  Ravager x2, Overlord  
  130  6:46  Overlord  
  135  6:49  Roach  
  135  6:53  Roach  
  133  6:54  Roach x2  
  133  6:58  Roach  
  133  7:00  Roach  
  122  7:03  Roach x6  
  129  7:13  Mutalisk x3  
  135  7:18  Mutalisk x2  
  135  7:21  Ravager x2  
  135  7:35  Roach x2  
  135  7:36  Roach x2  
  135  7:37  Roach x2  
  135  7:39  Roach x2  
  135  7:40  Roach  
  135  7:41  Ravager  
  142  7:44  Roach x2  
  142  7:47  Roach x2  
  142  7:48  Roach  
  142  7:49  Roach x2  
  135  7:52  Roach  
  135  7:54  Roach  
  135  7:56  Roach  
  135  7:58  Roach  
  131  7:59  Roach  
  131  8:02  Roach x2  
  131  8:05  Roach  
  129  8:14  Roach x5  
  139  8:20  Drone x2  
  139  8:23  Ravager  
  139  8:24  Zerg Missile Weapons Level 2  
  139  8:25  Drone  
  143  8:30  Drone  
  143  8:31  Drone x2  
  146  8:36  Queen  
  148  8:48  Roach x9  
  166  8:54  Roach  
  156  9:09  Roach x5  
  145  9:11  Roach x3  
  127  9:20  Roach  
  112  9:30  Roach x2  
  108  9:38  Roach  
  109  9:39  Roach x2  
  109  9:41  Roach  
  113  9:45  Roach  
  113  9:48  Roach  
  97  10:02  Drone x7  
  97  10:07  Drone  
  104  10:09  Drone  
  104  10:12  Drone  
  93  10:27  Drone x4  
  97  10:37  Drone x4  
  101  10:47  Drone x2  
  103  10:54  Ravager  
  104  11:00  Ravager x2  
  104  11:03  Roach  
  104  11:04  Roach  
  108  11:07  Roach x2  
  108  11:11  Roach  
  109  11:21  Ravager  
  107  11:26  Drone x2  
  107  11:33  Overseer  
  107  11:40  Drone x3  
  107  11:42  Drone  
  107  11:43  Drone x4  
  107  11:44  Drone x2  
  107  11:46  Ravager  
  118  11:51  Roach  
  120  11:57  Roach  
  120  11:59  Roach  
  124  12:02  Ravager x4  
  124  12:03  Overseer  
  128  12:13  Roach x3  
  134  12:28  Roach  
  134  12:29  Roach x4  
  144  12:37  Overlord  
  144  12:38  Overlord  
  144  12:44  Roach x3  
  144  12:45  Roach  
  152  12:52  Roach x3  
  158  13:01  Overlord, Roach  
  158  13:02  Roach  
  162  13:08  Roach x3  
  162  13:12  Overlord  
  168  13:17  Roach x2  
  172  13:22  Overlord  
  172  13:25  Roach x2  
  176  13:30  Ravager x2  
  176  13:33  Roach x2  
  182  13:39  Roach x2  
  186  13:49  Roach x4  
  180  14:07  Overlord  
  141  14:23  Roach x8  
  151  14:33  Roach  
  151  14:35  Roach x2  
  151  14:38  Roach  
  144  14:46  Roach x2  
  144  14:51  Roach  
  147  14:59  Roach x3  
  153  15:02  Ravager  
  153  15:03  Ravager x7  
  153  15:05  Ravager  
  162  15:11  Roach  
  162  15:12  Roach  
  162  15:13  Roach  
  153  15:18  Roach x2  
  153  15:20  Roach  
  143  15:28  Roach  
  143  15:29  Roach  
  143  15:34  Roach x2  
  139  15:40  Roach x3  
  139  15:41  Roach x2  
  143  15:42  Roach  
  143  15:44  Roach  
  143  15:45  Roach  
  128  15:54  Roach x2  
  128  15:56  Roach  
  128  16:03  Roach  
  124  16:11  Roach  
  122  16:19  Overseer  
Tags
 
Add a new tag
Caveats
  • Supply blocks, unpowered buildings, or Contaminate may cause inaccurate times.
  • Supply counts are checked every 10 seconds.